 Dungeon Crawl Stone Soup version 0.14.0-6-g1bc2dff (webtiles) character file.

619 Kejsarherre the Ruffian (level 6, -1/61 HPs)
             Began as a Troll Wanderer on Apr 12, 2014.
             Was an Initiate of Okawaru.
             Killed by divine providence
             ... invoked by an orc priest
              (10 damage)
             ... on Level 5 of the Dungeon.
             The game lasted 00:06:33 (2509 turns).

Kejsarherre the Ruffian (Troll Wanderer)            Turns: 2509, Time: 00:06:33

HP  -1/61        AC  5     Str 24      XL: 6   Next: 73%
MP   6/6         EV  9     Int  9      God: Okawaru [......]
Gold 172         SH  0     Dex 12      Spells:  1 memorised,  6 levels left

rFire  . . .     SeeInvis .       - Unarmed
rCold  . . .     Clarity  +     c - +0 robe
rNeg   . . .     Conserve .     (shield restricted)
rPois  .         rCorr    .     (helmet restricted)
rElec  .         rRot     .     (no cloak)
SustAb . .       Spirit   .     (gloves unavailable)
rMut   .         Warding  .     (boots unavailable)
Gourm  +         Stasis   .     n - amulet of clarity {unknown}
MR     .....                    (no ring)
                                o - +5 ring of dexterity

@: not resistant to hostile enchantments, unstealthy
A: unfitting armour, claws 3, fast metabolism 3, gourmand, regeneration 2,
saprovore 2, shaggy fur 1, tough skin 2
a: Renounce Religion


You were on level 5 of the Dungeon.
You worshipped Okawaru.
Okawaru was noncommittal.
You were not hungry.

You visited 2 branches of the dungeon, and saw 6 of its levels.

You collected 172 gold pieces.

Inventory:

Armour
 c - a +0 robe (worn)
Magical devices
 E - a wand of cold (6)
Comestibles
 b - a rambutan
 f - 2 meat rations
 k - a choko
 m - 3 pears
 r - a snozzcumber
 u - 2 bread rations
 A - a slice of pizza
 D - an apple
Scrolls
 a - 4 scrolls of identify
 d - a scroll of blinking {unknown}
 e - 3 scrolls of fear {unknown}
 g - a scroll of fog {unknown}
 q - a scroll of enchant armour {unknown}
 s - 2 scrolls of magic mapping {unknown}
 v - 3 scrolls of remove curse {unknown}
 x - a scroll of teleportation {unknown}
 y - a scroll of enchant weapon I {unknown}
Jewellery
 n - an amulet of clarity (around neck) {unknown}
 o - a +5 ring of dexterity (left claw)
Potions
 h - a potion of confusion {unknown}
 i - 2 potions of invisibility {unknown}
 j - a potion of curing {unknown}
 l - a potion of restore abilities {unknown}
 p - a potion of lignification {unknown}
 t - a potion of agility {unknown}
 w - a potion of heal wounds {unknown}
 z - 2 potions of mutation
 C - a potion of cure mutation {unknown}


   Skills:
 - Level 3.2 Fighting
   Level 1.0 Bows
   Level 1.0 Shields
 + Level 6.9 Unarmed Combat
 - Level 1.0 Spellcasting
 - Level 1.5 Necromancy
 - Level 1.0 Invocations


You had 6 spell levels left.
You knew the following spells:

 Your Spells              Type           Power        Failure   Level  Hunger
a - Pain                  Necr           #...         21%         1    ##.....


Dungeon Overview and Level Annotations

Branches:
Dungeon (5/15)             Temple (1/1) D:4

Altars:
Cheibriados
Elyvilon
Nemelex Xobeh
Okawaru
Trog
The Shining One

Annotations:
D:5 Aelig's ghost, average DsDK


Innate Abilities, Weirdness & Mutations

You are too large for most types of armour.
You have claws for hands.
Your metabolism is lightning-fast.
You like to eat raw meat.
You heal very quickly.
You can eat rotten meat.
You are covered in fur (AC +1).
You have very tough skin (AC +2).


Message History

Your scroll labeled KHAUMABUORCH catches fire!
The orc wizard hits you but does no damage.
The orc priest invokes the aid of Beogh against you.
Something smites you!
* * * LOW HITPOINT WARNING * * *
There is an open door here.
Evoke which item? (* to show all) (? for menu, Esc to quit)
Zapping:
E - a wand of cold {zapped: 1}
Press: ? - help, Shift-Dir - straight line, f - orc priest
Aim: an orc priest, wielding a morningstar and wearing a leather armour The bolt of cold hits the orc wizard.
You kill the orc wizard!
Okawaru accepts your kill.
The bolt of cold hits the goblin.
You kill the goblin!
Okawaru accepts your kill.
The bolt of cold misses the orc priest.
The orc priest invokes the aid of Beogh against you.
Something smites you!
You die...

...o'.o.p..#.....#
#........
....########.....#
#........ ##### #.....#
#.....g.. ###+###
#........ ######.##
###..# ###+### #...##
#.......###########'###
#.......@)p.##........#
+.......###..o........#
...$... ####........#
....... #........#
....... #........#
...... #..?.....# #####
##+#######


You could see an orc priest and Aelig's ghost.

Vanquished Creatures
  The ghost of Kejsarherre the Skirmisher, an average GrWn (D:4)
  An ogre (D:4)
  A crimson imp (D:3)
  An orc wizard (D:5)
  8 adders
  A worm (D:2)
  3 giant mites
  2 giant geckos
  5 orcs
  2 ball pythons
  4 bats
  5 hobgoblins
  4 jackals
  2 oozes
  5 giant cockroaches
  A giant newt (D:2)
  6 goblins
  5 kobolds
  2 quokkas
  10 rats
69 creatures vanquished.

Vanquished Creatures (others)
  A giant cockroach (D:4)
1 creature vanquished.

Grand Total: 70 creatures vanquished

Notes
Turn   | Place    | Note
--------------------------------------------------------------
     0 | D:1      | Kejsarherre, the Troll Wanderer, began the quest for the Orb.
     0 | D:1      | Reached XP level 1. HP: 23/23 MP: 3/3
   124 | D:1      | Reached skill level 1 in Unarmed Combat
   254 | D:1      | Reached XP level 2. HP: 25/31 MP: 3/3
   903 | D:2      | Reached XP level 3. HP: 37/37 MP: 4/4
  1237 | D:2      | Found a bloodstained altar of Trog.
  1317 | D:3      | Reached XP level 4. HP: 31/45 MP: 4/4
  1377 | D:3      | Reached skill level 4 in Unarmed Combat
  1420 | D:3      | Reached XP level 5. HP: 53/53 MP: 5/5
  1729 | D:4      | Reached skill level 5 in Unarmed Combat
  1781 | D:4      | Found a staircase to the Ecumenical Temple.
  1853 | Temple   | Entered the Ecumenical Temple
  1860 | Temple   | Became a worshipper of Warmaster Okawaru
  1942 | D:4      | Noticed an ogre
  1952 | D:4      | Killed an ogre
  1952 | D:4      | Reached skill level 6 in Unarmed Combat
  1952 | D:4      | Reached XP level 6. HP: 25/61 MP: 6/6
  1970 | D:4      | Noticed Kejsarherre's ghost (average GrWn)
  2027 | D:4      | Killed Kejsarherre's ghost
  2398 | D:5      | Entered Level 5 of the Dungeon
  2401 | D:5      | Noticed Aelig's ghost (average DsDK)
  2418 | D:5      | Found a glowing golden altar of the Shining One.
  2439 | D:5      | Found a white marble altar of Elyvilon.
  2509 | D:5      | Killed from afar by an orc priest

Action                   |  1- 3 |  4- 6 || total
-------------------------+-------+-------++-------
Melee: Unarmed           |   108 |   115 ||   223
Evoke: Wand              |       |     2 ||     2
  Use: Scroll            |       |     1 ||     1
 Stab: Sleeping          |     1 |       ||     1
